 Dungeon Crawl Stone Soup version 0.22.0 (webtiles) character file.

394 KnightedAnt the Skirmisher (level 7, -8/55 HPs)
             Began as a Formicid Abyssal Knight on Oct 29, 2018.
             Was a Believer of Lugonu.
             Mangled by a big kobold
             ... wielding a +2 whip of distortion
              (23 damage)
             ... on level 3 of the Dungeon.
             The game lasted 00:05:22 (2982 turns).

KnightedAnt the Skirmisher (FoAK)                   Turns: 2982, Time: 00:05:22

Health: -8/55      AC: 12    Str: 22    XL:     7   Next: 8%
Magic:  10/10      EV:  6    Int: 11    God:    Lugonu [**....]
Gold:   148        SH:  9    Dex: 10    Spells: 6/6 levels left

rFire    . . .     SeeInvis +   a - +1 mace
rCold    . . .     Gourm    .   p - +0 shield
rNeg     . . .     Faith    .   g - +3 chain mail
rPois    .         Spirit   .   (helmet unavailable)
rElec    .         Reflect  .   (no cloak)
rCorr    .         Harm     .   (no gloves)
MR       .....                  (no boots)
Stlth    ..........             (no amulet)
HPRegen  0.18/turn              o - +3 ring of strength
MPRegen  0.12/turn              (no ring)

@: lethally poisoned (-8 -> -8)
A: permanent stasis, dig shafts and tunnels, four strong arms, antennae 3
a: Dig, Shaft Self, Depart the Abyss, Bend Space, Renounce Religion


You were on level 3 of the Dungeon.
You worshipped Lugonu.
Lugonu was pleased with you.
You were very hungry.

You visited 1 branch of the dungeon, and saw 3 of its levels.
You visited the Abyss 1 time.

You collected 148 gold pieces.

Inventory:

Hand Weapons
 a - a +1 mace (weapon)
 y - a +0 fustibalus
Missiles
 m - 2 throwing nets (quivered)
Armour
 g - a +3 chain mail (worn)
 p - a +0 shield (worn)
Jewellery
 o - a +3 ring of strength (left hand)
Scrolls
 b - 2 scrolls of teleportation {unknown}
 d - a scroll of enchant armour {unknown}
 f - a scroll of magic mapping {unknown}
 h - 3 scrolls of identify {unknown}
 k - a scroll of amnesia {unknown}
 q - 2 scrolls of enchant weapon {unknown}
 u - a scroll of remove curse {unknown}
 w - a scroll of blinking {unknown}
Potions
 e - a potion of cancellation {unknown}
 i - 2 potions of brilliance {unknown}
 j - 2 potions of heal wounds {unknown}
 l - a potion of agility
 n - a potion of curing
 r - a potion of haste {unknown}
 s - a potion of lignification {unknown}
 t - a potion of mutation {unknown}
 x - a potion of degeneration {unknown}
Comestibles
 c - 5 rations


   Skills:
 + Level 4.6 Fighting
 + Level 3.5 Maces & Flails
 + Level 4.0 Armour
 - Level 1.1 Dodging
 + Level 3.1 Shields
 + Level 4.1 Invocations


You had 6 spell levels left.
You didn't know any spells.
Your spell library contained the following spells:

 Spells                   Type           Power        Failure   Level  Hunger
 Apportation              Tloc           #.....       100%        1    ##.....
 Summon Small Mammal      Summ           #...         100%        1    ##.....
 Animate Skeleton         Necr           N/A          100%        1    ##.....
 Confusing Touch          Hex            #.....       100%        1    ##.....


Dungeon Overview and Level Annotations

Branches:
Dungeon (3/15)

Altars:
Dithmenos

Annotations:
D:3 themadone's ghost, amateur DsGl


Innate Abilities, Weirdness & Mutations

You cannot be hasted, slowed, berserked, paralysed or teleported.
You can dig through walls and to a lower floor.
Your four strong arms can wield two-handed weapons with a shield.
You have a pair of large antennae on your head. (SInv)


Message History

Space bends around you.
You sock the big kobold!
The big kobold is severely wounded.
You feel sick.
The big kobold hits you but does no damage.
You feel a strange sense of stasis.
You hit the big kobold.
The big kobold is almost dead.
The big kobold hits you but does no damage.
You feel a strange sense of stasis.
You closely miss the big kobold.
The big kobold is almost dead.
The big kobold barely misses you. You block the big kobold's attack.
You closely miss the big kobold.
The big kobold is almost dead.
You feel sick.
The big kobold hits you with a whip of distortion.
* * * LOW HITPOINT WARNING * * *
Space warps horribly around you!
You die...

#### #..##### #@##.⌠.##
#K#W#.#.## ####KKKK#..$#
#...KKK....%#
#....'..#... #....#.#.#.#
#######..##.⌠.##
#.........###############
#.........#..............


You could see a big kobold, themadone's ghost and 7 kobolds.

Vanquished Creatures
  Sigmund (D:3)
  An ogre (D:3)
  Jessica (D:3)
  Terence (D:3)
  2 adders (D:2)
  An ooze (D:3)
  2 worms (D:3)
  A dart slug (D:3)
  6 leopard geckos
  5 orcs (D:3)
  5 giant cockroaches
  3 goblins (D:2)
  7 hobgoblins
  4 jackals (D:3)
  2 ball pythons
  3 bats
  4 frilled lizards
  5 kobolds
  9 rats
63 creatures vanquished.

Notes
Turn   | Place    | Note
-------+----------+-------------------------------------------
     0 | Abyss:1  | KnightedAnt the Formicid Abyssal Knight began the quest for the Orb.
     0 | Abyss:1  | Reached XP level 1. HP: 18/18 MP: 2/2
    10 | Abyss:1  | Found a deep blue altar of Sif Muna.
    36 | Abyss:1  | Noticed a large abomination
    43 | Abyss:1  | Noticed a wretched star
   114 | Abyss:3  | Noticed a golden eye
   114 | Abyss:3  | Noticed a golden eye
   115 | Abyss:3  | Noticed a golden eye
   143 | Abyss:4  | Noticed a chaos spawn
   148 | Abyss:5  | Entered Level 5 of the Abyss
   164 | Abyss:5  | Noticed an ancient zyme
   167 | Abyss:5  | Noticed a starcursed mass
   170 | D:1      | Escaped the Abyss
   243 | D:1      | Reached skill level 1 in Dodging
   451 | D:1      | Reached XP level 2. HP: 21/24 MP: 3/3
   469 | D:1      | Reached * piety under Lugonu
   799 | D:2      | Found a faded altar of an unknown god.
   943 | D:2      | Reached XP level 3. HP: 16/29 MP: 4/4
  1232 | D:2      | Found a shadowy altar of Dithmenos.
  1404 | D:2      | Reached skill level 1 in Shields
  1452 | D:2      | Reached XP level 4. HP: 37/37 MP: 6/6
  1627 | D:3      | Noticed Sigmund
  1658 | D:3      | Killed Sigmund
  1658 | D:3      | Reached XP level 5. HP: 38/42 MP: 7/7
  1658 | D:3      | Reached XP level 6. HP: 44/48 MP: 8/8
  1738 | D:3      | Noticed Terence
  1757 | D:3      | Killed Terence
  2021 | D:3      | Noticed Jessica
  2045 | D:3      | Killed Jessica
  2308 | D:3      | Reached ** piety under Lugonu
  2338 | D:3      | Found a runed gate.
  2338 | D:3      | Noticed themadone's ghost (amateur DsGl)
  2339 | D:3      | Found a runed gate.
  2346 | D:3      | Found a runed gate.
  2372 | D:3      | Noticed an ogre
  2520 | D:3      | Killed an ogre
  2520 | D:3      | Reached XP level 7. HP: 48/55 MP: 8/10
  2982 | D:3      | Mangled by a big kobold

Skill      XL: |  1  2  3  4  5  6  7 |
---------------+----------------------+-----
Dodging        | 1 |  1.1
Shields        | 1 2 3 |  3.1
Invocations    | 3 4 |  4.1
Fighting       | 4 |  4.6
Maces & Flails | 3 |  3.5
Armour         | 3 4 |  4.0

Action                   |  1- 3 |  4- 6 |  7- 9 || total
-------------------------+-------+-------+-------++-------
Melee: Mace              |    84 |   152 |    22 ||   258
Invok: Depart the Abyss  |     1 |       |       ||     1
 Abil: Dig               |       |     1 |       ||     1
  Eat: Chunk             |     2 |     4 |       ||     6
Armor: Chain mail        |    56 |   128 |    12 ||   196
Dodge: Dodged            |    32 |    54 |     2 ||    88
Block: Shield            |    15 |    85 |    10 ||   110
